 Dungeon Sprint DCSS version 0.31-a0-37-g98a128e1d9 (webtiles) character file.

Game seed: 13515400896844672115

158 Elsrick the Chopper (level 5, 0/78 HPs)
             Began as a Hill Orc Fighter on May 16, 2023.
             Incinerated by a deep elf pyromancer (5 damage)
             ... with a sticky flame
             ... in the Dungeon (Sprint III: "The Ten Rune Challenge").
             The game lasted 00:03:29 (259 turns).

Elsrick the Chopper (Hill Orc Fighter)               Turns: 259, Time: 00:03:30

Health: 0/78       AC:  7    Str: 21    XL:     5   Next: 39%
Magic:  5/5        EV:  9    Int:  8    God:
Gold:   22         SH:  5    Dex: 10    Spells: 4/4 levels left

rFire   . . .        a - +0 war axe
rCold   . . .        c - +0 buckler
rNeg    . . .        b - +0 scale mail
rPois   .            (no helmet)
rElec   .            (no cloak)
rCorr   .            (no gloves)
SInv    .            (no boots)
Will    .....        (no amulet) Stlth
                     (no ring)
HPRegen 0.33/turn    (no ring)
MPRegen 0.09/turn

%: no teleportation, random rage (3%)
@: berserking, on fire, glowing, very quick
A: berserk 1, mutation resistance 1
a: no special abilities


You were in the Dungeon.
You visited 1 branch You collected 22 gold pieces.

Inventory:

Hand Weapons
 a - a +0 war axe (weapon)
Armour
 b - a +0 scale mail (worn)
 c - a +0 buckler (worn)
Scrolls
 d - 2 scrolls of torment {unknown}
 j - a scroll of blinking
 k - 5 scrolls of identify
Potions
 e - 2 potions of curing
 h - 2 potions of magic
 l - a potion of cancellation {unknown}


   Skills:
 + Level 7.2 Fighting
 + Level 7.7 Axes
 + Level 6.5 Armour
 + Level 0.6 Dodging
 + Level 6.2 Shields


You had 4 spell levels left.
You didn't know any spells.
Your spell library contained the following spells:

 Spells                   Type           Power      Damage    Failure   Level
 Magic Dart               Conj           0%         1d3       78%         1
 Searing Ray              Conj           0%         2d4       89%         2
 Stone Arrow              Conj/Erth      0%         3d7       98%         3
 Animate Armour           Summ/Erth      0%         N/A       100%        4
 Fulminant Prism          Conj/Hex       0%         3d5       100%        4
 Lehudib's Crystal Spear  Conj/Erth      0%         10d2      100%        8


Dungeon Overview and Level Annotations

Branches:
Dungeon (1/1)

Altars:
Elyvilon
Kikubaaqudgha
Sif Muna
Vehumet
Zin
The Shining One


Innate Abilities, Weirdness & Mutations

You sometimes lose your temper in combat.
You are somewhat resistant to further mutation.


Message History

There is an open door here.
The deep elf pyromancer closely misses you.
You closely miss the deep elf pyromancer.
The deep elf pyromancer gestures at you while chanting.
You block the sticky flame.
You hit the deep elf pyromancer.
The deep elf pyromancer is lightly wounded.
The deep elf pyromancer hits you with a +2 long sword of holy wrath!
You closely miss the deep elf pyromancer.
The deep elf pyromancer is lightly wounded.
The deep elf pyromancer hits you with a +2 long sword of holy wrath.
You miss the deep elf pyromancer.
The deep elf pyromancer casts a spell at you.
The bolt of fire hits you!!
Ouch! That really hurt!
* * * LOW HITPOINT WARNING * * *
You slash the deep elf pyromancer!
The deep elf pyromancer is moderately wounded.
The deep elf pyromancer hits you with a +2 long sword of holy wrath.
* * * LOW HITPOINT WARNING * * *
You hit the deep elf pyromancer but do no damage.
The deep elf pyromancer is moderately wounded.
The deep elf pyromancer points at you and mumbles some strange words.
The sticky flame hits you.
You are covered in liquid flames!
* * * LOW HITPOINT WARNING * * *
You feel much better.
You are covered in liquid flames!
The deep elf pyromancer hits you with a +2 long sword of holy wrath!
* * * LOW HITPOINT WARNING * * *
A red film seems to cover your vision as you go berserk!
You feel yourself moving faster!
You feel mighty!
You are covered in liquid flames!
* * * LOW HITPOINT WARNING * * *
The deep elf pyromancer hits you with a +2 long sword of holy wrath.
* * * LOW HITPOINT WARNING * * *
You hit the deep elf pyromancer.
The deep elf pyromancer is moderately wounded.
You are covered in liquid flames!
You die...

▓▓▓▓ ▓▓▓ ...####
##.#####
......#####..#___#
....†..#..#..#!e@#
#.##...#..#..###'#+###+#
#.###..##'#..#..........
##.##..###...'.⌠........
..##..####...#...######+
..##..###†...#.⌠.#
.##...##.....#...#
##...)#......#'###
##..##.#.....#.).#


You could see a deep elf pyromancer.

Vanquished Creatures
  A water elemental (D)
  Jessica (D)
  A wizard (D)
  A kobold demonologist (D)
  A human (D)
  A phantom (D)
  2 endoplasms (D)
  A rat (D)
9 creatures vanquished.

Notes
Turn   | Place    | Note
-------+----------+-------------------------------------------
     0 | D        | Elsrick the Hill Orc Fighter began the quest for the Orb.
     0 | D        | Reached XP level 1. HP: 19/19 MP: 1/1
    39 | D        | Noticed Jessica
    48 | D        | Killed Jessica
    49 | D        | Reached skill level 5 in Fighting
    49 | D        | Reached XP level 2. HP: 28/29 MP: 2/2
    49 | D        | Reached XP level 3. HP: 35/36 MP: 3/3
    63 | D        | Reached skill level 5 in Axes
    63 | D        | Reached skill level 5 in Armour
    63 | D        | Reached skill level 5 in Shields
   170 | D        | Gained mutation: You are strong-willed. (Will+) [potion of
                  | mutation]
   170 | D        | Gained mutation: Your body sometimes deteriorates upon
                  | taking damage. [potion of mutation]
   170 | D        | Gained mutation: You have a pair of small horns on your
                  | head. [potion of mutation]
   171 | D        | Lost mutation: You have a pair of small horns on your head.
                  | [potion of mutation]
   171 | D        | Lost mutation: Your body sometimes deteriorates upon taking
                  | damage. [potion of mutation]
   171 | D        | Lost mutation: You are strong-willed. (Will+) [potion of
                  | mutation]
   171 | D        | Gained mutation: You are frail. (-10% HP) [potion of
                  | mutation]
   171 | D        | Gained mutation: Your spells are a little easier to cast,
                  | but a little less powerful. [potion of mutation]
   172 | D        | Lost mutation: You are frail. (-10% HP) [potion of
                  | mutation]
   172 | D        | Lost mutation: Your spells are a little easier to cast, but
                  | a little less powerful. [potion of mutation]
   172 | D        | Gained mutation: You are partially covered in large bone
                  | plates. (SH +4) [potion of mutation]
   172 | D        | Gained mutation: You are agile. (Dex +4, Str/Int -1)
                  | [potion of mutation]
   174 | D        | Lost mutation: You are partially covered in large bone
                  | plates. (SH +4) [potion of mutation]
   174 | D        | Lost mutation: You are agile. (Dex +4, Str/Int -1) [potion
                  | of mutation]
   174 | D        | Gained mutation: Your skin changes colour to match your
                  | surroundings (Stealth+). [potion of mutation]
   174 | D        | Gained mutation: You are somewhat resistant to further
                  | mutation. [potion of mutation]
   174 | D        | Gained mutation: Your spells are a little harder to cast,
                  | but a little more powerful. [potion of mutation]
   175 | D        | Lost mutation: You are somewhat resistant to further
                  | mutation. [potion of mutation]
   175 | D        | Lost mutation: Your skin changes colour to match your
                  | surroundings (Stealth+). [potion of mutation]
   175 | D        | Lost mutation: Your spells are a little harder to cast, but
                  | a little more powerful. [potion of mutation]
   175 | D        | Gained mutation: You sometimes lose your temper in combat.
                  | [potion of mutation]
   175 | D        | Gained mutation: You are somewhat resistant to further
                  | mutation. [potion of mutation]
   184 | D        | Noticed a water elemental
   188 | D        | Killed a water elemental
   189 | D        | Reached XP level 4. HP: 45/45 MP: 4/4
   194 | D        | Found a radiant altar of Vehumet.
   194 | D        | Found a shimmering blue altar of Sif Muna.
   194 | D        | Found an ancient bone altar of Kikubaaqudgha.
   194 | D        | Noticed a wizard
   203 | D        | Killed a wizard
   204 | D        | Reached XP level 5. HP: 52/52 MP: 5/5
   248 | D        | Found a glowing silver altar of Zin.
   248 | D        | Found a glowing golden altar of the Shining One.
   248 | D        | Found a white marble altar of Elyvilon.
   249 | D        | Noticed a deep elf pyromancer
   259 | D        | Incinerated by a deep elf pyromancer

Illustrated notes

Levels and vault maps discovered:
D:        dungeon_sprint_mu [sprint_mu_entry_cave, sprint_mu_temple_rooms,
          sprint_mu_d1_horrors, sprint_mu_d2_genie, sprint_mu_d3_branching,
          sprint_mu_orc_legion, sprint_mu_elf_gauntlet, sprint_mu_hive_nellie,
          sprint_mu_lair_fedhas, sprint_mu_vaults_butterflies,
          sprint_mu_slime_circle, sprint_mu_shoals_archi,
          sprint_mu_snake_twists, sprint_mu_blade_basic,
          sprint_mu_crypt_chambers, sprint_mu_tomb_spiral,
          sprint_mu_vestibule_basic, sprint_mu_gehenna_hellfire,
          sprint_mu_dis_giant, sprint_mu_tartarus_statrot,
          sprint_mu_cocytus_islands, sprint_mu_zot1]

Skill      XL: |  1  2  3  4 |
---------------+-------------+-----
Fighting       | 5 6 7 |  7.2
Axes           | 4 6 7 |  7.7
Armour         | 4 6 |  6.5
Shields        | 4 5 6 |  6.2
Dodging        | |  0.6

Action                     |  1- 3 |  4- 6 || total
---------------------------+-------+-------++-------
  Melee: War axe           |    20 |    16 ||    36
    Use: Potion            |     7 |     2 ||     9
 Armour: Scale mail        |     7 |     7 ||    14
  Dodge: Dodged            |     6 |     5 ||    11
  Block: Buckler           |     3 |     6 ||     9

Table legend: (Time is in decaauts)
 A = Elapsed time spent in this place.
 B = Non-inter-level travel time spent in this place.
 C = Inter-level travel time spent in this place.
 D = Time resting spent in this place.
 E = Time spent auto-exploring this place.
 F = Levels seen in this place.
 G = Mean time per level.
                   A        B        C        D        E       F      G
               +--------+--------+--------+--------+--------+-----+--------+
         Total |    260 |    260 |      0 |     90 |      0 |   1 |  260.0 |
       Dungeon |    260 |    260 |      0 |     90 |      0 |   1 |  260.0 |
               +--------+--------+--------+--------+--------+-----+--------+

Top non-repeatable levels by time:
       D: 260 daAuts
